 Dungeon Crawl Stone Soup version 0.29-a0-541-gaf1fc19f1b (webtiles) character file.

Game seed: 181120495805214309

4 happo123 the Sneak (level 1, 0/10 HPs)
             Began as a Kobold Enchanter on June 3, 2022.
             Slain by a kobold
             ... wielding a +0 club
              (4 damage)
             ... on level 1 of the Dungeon.
             The game lasted 00:00:57 (141 turns).

happo123 the Sneak (Kobold Enchanter)                Turns: 141, Time: 00:00:57

Health: 0/10       AC:  2    Str:  5    XL:     1   Next: 66%
Magic:  3/3        EV: 15    Int: 16    God:
Gold:   11         SH:  0    Dex: 15    Spells: 4/4 levels left

rFire   . . .      SeeInvis .   a - +1 dagger
rCold   . . .      Faith    .   (no shield)
rNeg    . . .      Spirit   .   b - +0 robe
rPois   .          Reflect  .   (no helmet)
rElec   .          Harm     .   (no cloak)
rCorr   .          Rampage  .   (no gloves)
Will    .....                   (no boots)
Stlth   ++++......              (no amulet)
HPRegen 0.03/turn               (no ring)
MPRegen 0.08/turn               (no ring)

@: no status effects
A: small, no large weapons, nightstalker 3
a: no special abilities


You were on level 1 of the Dungeon.
You visited 1 branch of the dungeon, and saw 1 of its levels.

You collected 11 gold pieces.

Inventory:

Hand Weapons
 a - a +1 dagger (weapon)
Armour
 b - a +0 robe (worn)
Jewellery
 d - a ring of protection from cold
Scrolls
 g - a scroll of identify {unknown}
Potions
 c - 2 potions of invisibility
 e - a potion of flight {unknown}
 f - a potion of lignification {unknown}


   Skills:
 + Level 0.2 Fighting
 + Level 1.5 Short Blades
 + Level 2.4 Dodging
 + Level 4.0 Stealth
 + Level 2.2 Spellcasting
 * Level 3.0 Hexes
 + Level 0.1 Summonings


You had 4 spell levels left.
You didn't know any spells.
Your spell library contained the following spells:

 Spells                   Type           Power      Damage    Failure   Level
 Ensorcelled Hibernation  Hex/Ice        12%        N/A       16%         2
 Confusing Touch          Hex            11%        N/A       17%         3
 Tukima's Dance           Hex            11%        N/A       17%         3
 Summon Small Mammal      Summ           8%         N/A       19%         1
 Summon Guardian Golem    Hex/Summ       6%         N/A       30%         3
 Dazzling Flash           Conj/Hex       12%        N/A       32%         3
 Call Canine Familiar     Summ           2%         N/A       50%         3


Dungeon Overview and Level Annotations

Branches:
Dungeon (1/15)

Altars:


Innate Abilities, Weirdness & Mutations

You are small and have problems with some larger weapons.
You are completely attuned to the shadows.


Message History

Found a stone staircase leading down.
A giant cockroach comes into view.
Things that are here:
a bubbling yellow potion; 5 atropa-tipped darts The helpless giant cockroach fails to defend itself.
You impale the giant cockroach!!
You kill the giant cockroach!
e - a bubbling yellow potion You see here a giant cockroach corpse.
f - a blue potion You now have 11 gold pieces.
A hobgoblin comes into view.
The helpless hobgoblin fails to defend itself.
You puncture the hobgoblin!
You kill the hobgoblin!
g - a scroll labelled BEILYT KOPAPRE A hobgoblin comes into view.
A kobold comes into view. It is wielding a +0 club.
The hobgoblin shouts!
The kobold shouts!
You hear an angry hiss.
A ball python comes into view.
You completely miss the hobgoblin. The hobgoblin barely misses you.
You barely miss the hobgoblin. The hobgoblin barely misses you.
You barely miss the hobgoblin. The hobgoblin completely misses you.
You hit the hobgoblin.
The hobgoblin is lightly wounded.
The hobgoblin hits you.
Ouch! That really hurt!
You hit the hobgoblin.
You kill the hobgoblin!
The ball python misses you. The ball python grabs you.
The ball python constricts you. The kobold misses you.
You escape the ball python's grasp.
The kobold attacks as you move away! The kobold completely misses you.
You hit the kobold.
The kobold is heavily wounded.
The kobold hits you but does no damage.
You closely miss the kobold.
The kobold is heavily wounded.
The kobold hits you with a +0 club.
You die...

.####.# ...##.#
##.##.########
.#..#.#......##
..#...........## .
#..##..........# .#
##.............###.#
.##............#...#
..###.........SK@#
#..#...........###
##.#...........#
.#.###..........#
...##.............
#####..........##.
#..........#
##...... ##.......


You could see a ball python and a kobold.

Vanquished Creatures
  A giant cockroach (D:1)
  2 hobgoblins (D:1)
3 creatures vanquished.

Notes
Turn   | Place    | Note
-------+----------+-------------------------------------------
     0 | D:1      | happo123 the Kobold Enchanter began the quest for the Orb.
     0 | D:1      | Reached XP level 1. HP: 10/10 MP: 3/3
   141 | D:1      | Slain by a kobold

Illustrated notes

Levels and vault maps discovered:
D:1:      dpeg_chamrin_arrival_tetris, layout_rooms,
          hellmonk_ecumenical_altar_crossroads, minivault_27

Action                   || total
-------------------------++-------
Melee: Dagger            ||     9
 Stab: Sleeping          ||     2
Armor: Robe              ||     1
Dodge: Dodged            ||     6

Table legend: (Time is in decaauts)
 A = Elapsed time spent in this place.
 B = Non-inter-level travel time spent in this place.
 C = Inter-level travel time spent in this place.
 D = Time resting spent in this place.
 E = Time spent auto-exploring this place.
 F = Levels seen in this place.
 G = Mean time per level.
                   A        B        C        D        E       F      G
               +--------+--------+--------+--------+--------+-----+--------+
         Total |    140 |    137 |      3 |      0 |    105 |   1 |  140.0 |
       Dungeon |    140 |    137 |      3 |      0 |    105 |   1 |  140.0 |
               +--------+--------+--------+--------+--------+-----+--------+

Top non-repeatable levels by time:
     D:1: 140 daAuts
